 Dungeon Crawl Stone Soup version 0.18.1-6-gd335043 (webtiles) character file.

962 epen the Spear-Bearer (level 8, -2/61 HPs)
             Began as a Merfolk Berserker on May 17, 2016.
             Was an Elder of Trog.
             Slain by Prince Ribbit (14 damage)
             ... on level 4 of the Dungeon.
             The game lasted 00:07:27 (4470 turns).

epen the Spear-Bearer (Merfolk Berserker)           Turns: 4470, Time: 00:07:28

Health: -2/61      AC:  8    Str: 20    XL:     8   Next: 15%
Magic:  10/10      EV: 15    Int:  6    God:    Trog [****..]
Gold:   145        SH:  0    Dex: 13    Spells: 0 memorised, 7 levels left

rFire  . . .     SeeInvis .     K - +0 halberd
rCold  . . .     Gourm    .     r - +0 scale mail
rNeg   . . .     Faith    .     (shield currently unavailable)
rPois  .         Spirit   .     (no helmet)
rElec  .         Dismiss  .     (no cloak)
rCorr  .         Reflect  .     D - +0 pair of gloves
SustAt .         Harm     .     (no boots)
MR     .....                    (no amulet)
Stlth  ..........               E - +3 ring of evasion
                                n - +1 ring of slaying

@: exhausted, slowed, very slow, not resistant to hostile enchantments,
extremely unstealthy
A: change form in water, swift swim
a: Berserk, Trog's Hand, Brothers in Arms, Burn Spellbooks, Renounce Religion


You were on level 4 of the Dungeon.
You worshipped Trog.
Trog was greatly pleased with you.
You were near starving.

You visited 1 branch of the dungeon, and saw 5 of its levels.

You collected 244 gold pieces.
You spent 99 gold pieces at shops.

Inventory:

Hand Weapons
 a - a +0 spear
 K - a +0 halberd (weapon)
Armour
 b - a +0 animal skin
 r - a +0 scale mail (worn)
 D - a +0 pair of gloves (worn)
Jewellery
 n - a +1 ring of slaying (left hand)
 y - an uncursed ring of magical power
 C - an uncursed ring of magical power
 E - a +3 ring of evasion (right hand)
 I - an uncursed ring of flight {unknown}
Wands
 l - a wand of enslavement (12/24)
 t - a wand of digging (13/24)
 z - a wand of teleportation (4/9)
 B - a wand of acid (7/15)
Scrolls
 d - 3 scrolls of remove curse {unknown}
 f - 5 scrolls of teleportation {unknown}
 g - 2 scrolls of noise {unknown}
 k - 3 scrolls of immolation {unknown}
 p - 4 scrolls of identify {unknown}
 q - a scroll of fog {unknown}
 x - 2 scrolls of amnesia {unknown}
 A - a scroll of fear {unknown}
 G - a scroll of random uselessness {unknown}
 H - a scroll of enchant armour {unknown}
 M - a scroll of enchant weapon {unknown}
Potions
 e - a potion of might {unknown}
 i - 2 potions of heal wounds {unknown}
 j - 2 potions of curing
 o - a potion of lignification {unknown}
 u - a potion of flight {unknown}
 v - a potion of agility {unknown}
 w - 2 potions of haste {unknown}
 L - a potion of brilliance {unknown}
Comestibles
 c - 3 bread rations
 h - 2 slices of pizza
 m - 5 meat rations
 s - 2 fruits
 F - 3 beef jerkies


   Skills:
 + Level 4.9 Fighting
 * Level 8.1 Polearms
 * Level 3.8 Armour
 + Level 5.6 Dodging
 + Level 2.9 Evocations


You had 7 spell levels left.
You didn't know any spells.

Dungeon Overview and Level Annotations

Branches:
Dungeon (5/15)
 Temple: D:4-7

Altars:
Cheibriados
Qazlal
Ru
Sif Muna
Trog

Shops:
D:4 !

Annotations:
D:4 Prince Ribbit


Message History

Prince Ribbit blinks!
You feel sick.
You are no longer poisoned.
Prince Ribbit hits you. Prince Ribbit hits you.
There is a stone staircase leading up here.
Prince Ribbit hits you!
* * * LOW HITPOINT WARNING * * *
Prince Ribbit hits you!
* * * LOW HITPOINT WARNING * * *
You climb upwards.
There is a stone staircase leading down here.
Drink which item? (? for menu, Esc to quit)
You feel better. Prince Ribbit hits you.
* * * LOW HITPOINT WARNING * * *
Prince Ribbit misses you.
You hit Prince Ribbit.
Prince Ribbit is lightly wounded.
Prince Ribbit hits you!
You die...

############## ## #............#
#. #............# #.
#............##############.
#(...........'...†.....[..'.
######..........F.##############.
.....)..........@................
##########......##.######...#####
#.......#......##.# #...# #..
#.#..##.#......'..# #...# #.#
#.#..##.#......#### #...# #.#
#.#..#..#......# #...# #.#
##.#..#.##......# #...# #.#
........##......# #..)# #.#
##......##......#########...# #..


You could see Prince Ribbit.

Vanquished Creatures
  Menkaure (D:5)
  An ice beast (D:5)
  An ogre (D:4)
  2 scorpions
  3 hounds (D:4)
  A gnoll shaman (D:4)
  Jessica (D:3)
  Ijyb (D:3)
  2 orc wizards
  4 worker ants (D:4)
  3 gnolls (D:4)
  9 adders
  An adder zombie (D:4)
  An adder skeleton (D:4)
  6 worms
  A dart slug (D:3)
  3 giant geckos
  9 orcs
  9 bats
  5 giant cockroaches
  8 goblins
  11 hobgoblins
  6 jackals (D:1)
  4 kobolds
  4 quokkas
  2 ball pythons
  5 giant newts
  A quokka skeleton (D:4)
  8 rats
113 creatures vanquished.

Notes
Turn   | Place    | Note
--------------------------------------------------------------
     0 | D:1      | epen the Merfolk Berserker began the quest for the Orb.
     0 | D:1      | Reached XP level 1. HP: 18/18 MP: 1/1
   201 | D:1      | Reached XP level 2. HP: 23/24 MP: 2/2
   423 | D:1      | Reached ** piety under Trog
   730 | D:1      | Reached skill level 5 in Polearms
   841 | D:1      | Reached XP level 3. HP: 27/29 MP: 3/3
  1399 | D:2      | Reached XP level 4. HP: 36/37 MP: 4/4
  1888 | D:3      | Noticed Jessica
  1894 | D:3      | Killed Jessica
  1960 | D:3      | Reached *** piety under Trog
  2042 | D:3      | Reached skill level 1 in Evocations
  2042 | D:3      | Reached XP level 5. HP: 37/42 MP: 5/5
  2288 | D:3      | Noticed Ijyb
  2296 | D:3      | Killed Ijyb
  2296 | D:3      | Reached skill level 6 in Polearms
  2824 | D:4      | Reached XP level 6. HP: 41/48 MP: 7/7
  2930 | D:4      | Found Sawnam's Distillery.
  2936 | D:4      | Bought a potion of curing for 33 gold pieces
  2936 | D:4      | Bought a potion of curing for 33 gold pieces
  2936 | D:4      | Bought a potion of curing for 33 gold pieces
  3329 | D:4      | Found a sacrificial altar of Ru.
  3339 | D:4      | Reached skill level 7 in Polearms
  3339 | D:4      | Reached XP level 7. HP: 55/55 MP: 8/8
  3351 | D:4      | Found a stormy altar of Qazlal.
  3380 | D:4      | Found a snail-covered altar of Cheibriados.
  3381 | D:4      | Found a deep blue altar of Sif Muna.
  3668 | D:4      | Reached **** piety under Trog
  3676 | D:4      | Reached skill level 5 in Dodging
  3731 | D:4      | Noticed a moth of wrath
  3734 | D:4      | Found a bloodstained altar of Trog.
  4059 | D:5      | Entered Level 5 of the Dungeon
  4103 | D:5      | Noticed Prince Ribbit
  4105 | D:5      | Noticed Menkaure
  4122 | D:4      | HP: 2/55 [something/magic dart (9)]
  4438 | D:5      | Reached XP level 8. HP: 58/61 MP: 10/10
  4452 | D:5      | Killed Menkaure
  4452 | D:5      | Reached skill level 8 in Polearms
  4470 | D:4      | Slain by Prince Ribbit

Skill      XL: |  1  2  3  4  5  6  7  8 |
---------------+-------------------------+-----
Dodging        | 3 4 5 |  5.6
Polearms       | 5 6 7 8 |  8.1
Armour         | 2 3 |  3.8
Evocations     | 1 2 |  2.9
Fighting       | 4 |  4.9

Action                   |  1- 3 |  4- 6 |  7- 9 || total
-------------------------+-------+-------+-------++-------
Melee: Spear             |   160 |   281 |    10 ||   451
       Halberd           |       |       |    90 ||    90
Invok: Berserk           |     1 |     4 |     2 ||     7
       Burn Spellbooks   |       |     1 |       ||     1
  Use: Potion            |       |       |     2 ||     2
 Stab: Sleeping          |     4 |       |       ||     4
  Eat: Chunk             |     3 |     9 |     5 ||    17
Armor: Animal skin       |    25 |     3 |       ||    28
       Scale mail        |       |    52 |    23 ||    75
Dodge: Dodged            |    77 |   109 |    56 ||   242
